 Dungeon Crawl Stone Soup version 0.18-a0-373-gaf408bd (webtiles) character file.

141792 FishmanTm the Spry (level 17, -19/142 HPs)
             Began as a Merfolk Transmuter on Nov 29, 2015.
             Was the Champion of Cheibriados.
             Killed from afar by Nikola (25 damage)
             ... with a chain lightning
             ... on level 4 of the Spider Nest.
             The game lasted 01:32:53 (32576 turns).

FishmanTm the Spry (Merfolk Transmuter)            Turns: 32576, Time: 01:32:53

Health: -19/142    AC: 15    Str: 25    XL:     17   Next: 33%
Magic:  27/27      EV: 34    Int: 30    God:    Cheibriados [******]
Gold:   1697       SH:  0    Dex: 37    Spells: 6 memorised, 3 levels left

rFire  + . .     SeeInvis +       - Unarmed
rCold  . . .     Clarity  .     y - +4 ring mail of Intercession {rF+ Dex+3}
rNeg   . . .     SustAt   .     (shield currently unavailable)
rPois  .         Gourm    .     k - +2 hat
rElec  .         Spirit   .     A - +2 cloak {+Inv}
rCorr  +         Warding  .     (gloves currently unavailable)
rMut   .         Stasis   .     j - +0 pair of boots
MR     +....                    F - amulet of resist corrosion
Stlth  +++++.....               (no ring)
                                n - ring of see invisible

@: blade hands (expiring), studying Invocations, very slow, somewhat resistant
to hostile enchantments, quite stealthy
A: change form in water, swift swim, high mp 1
a: End Transformation, Bend Time, Temporal Distortion, Slouch, Step From Time,
Renounce Religion, Evoke Invisibility


You were on level 4 of the Spider Nest.
You worshipped Cheibriados.
Cheibriados was exalted by your worship.
You were hungry.
You had blades for hands.
You visited 5 branches of the dungeon, and saw 32 of its levels.

You collected 2946 gold pieces.
You spent 1249 gold pieces at shops.

Inventory:

Missiles
 a - 534 arrows
 c - 26 arrows of frost
Armour
 j - a +0 pair of boots (worn)
 k - a +2 hat (worn)
 y - the +4 ring mail of Intercession (worn) {rF+ Dex+3}
   (You bought it in a shop on level 3 of the Orcish Mines)

   It affects your dexterity (+3).
   It protects you from fire.
 A - a +2 cloak of invisibility (worn)
 D - the +0 pair of gloves "Joxugeav" (melded) {rF+ rC+ MR++}
   (You bought it in a shop on level 12 of the Dungeon)

   It protects you from fire.
   It protects you from cold.
   It affects your resistance to hostile enchantments.
Jewellery
 n - a ring of see invisible (left scythe-like blade)
 F - an amulet of resist corrosion (around neck)
Wands
 b - a wand of draining (6)
 z - a wand of teleportation (5)
 B - a wand of cold (2)
 J - a wand of cold (12)
 M - a wand of fireball (10)
 T - a wand of digging (15)
 V - a wand of disintegration (4)
Scrolls
 f - 3 scrolls of magic mapping
 l - 13 scrolls of remove curse
 o - 3 scrolls of blinking
 q - 16 scrolls of teleportation
 s - 5 scrolls of amnesia
 u - 4 scrolls of recharging
 G - a scroll of holy word
 O - 3 scrolls of fog
 Q - 6 scrolls of identify
 R - 2 scrolls of enchant armour
Potions
 g - 2 potions of invisibility
 i - 2 potions of flight
 p - 5 potions of curing
 r - 2 potions of lignification
 v - 7 potions of heal wounds
 x - a potion of ambrosia {unknown}
 E - a potion of magic
 H - a potion of cancellation
 I - a potion of might
 K - a potion of resistance
 L - 2 potions of haste {unknown}
 N - a potion of brilliance {unknown}
 P - 3 potions of agility {unknown}
 W - a potion of beneficial mutation
Books
 e - a Grand Grimoire

   Spells                             Type                      Level
   a - Monstrous Menagerie            Summoning                    6
   b - Summon Greater Demon           Summoning                    7
   c - Malign Gateway                 Summoning/Translocation      7
   d - Summon Horrible Things         Summoning                    8
 S - a manual of Invocations
 U - a Young Poisoner's Handbook

   Spells                             Type                      Level
   a - Sting                          Conjuration/Poison           1
   b - Cure Poison                    Poison                       2
   c - Mephitic Cloud                 Conjuration/Poison/Air       3
   d - Olgreb's Toxic Radiance        Poison                       4
   e - Venom Bolt                     Conjuration/Poison           5
Comestibles
 d - 12 bread rations
 h - 4 beef jerkies
 m - 12 meat rations
 t - 3 slices of pizza
 w - 9 royal jellies
 C - 8 fruits


   Skills:
 - Level 15.0 Fighting
 - Level 2.1 Armour
 - Level 17.8 Dodging
 - Level 10.0 Stealth
 - Level 17.7 Unarmed Combat
 - Level 3.6 Spellcasting
 + Level 6.7 Translocations
 - Level 9.0 Transmutations
 + Level 10.0 Invocations
 - Level 4.0 Evocations


You had 3 spell levels left.
You knew the following spells:

 Your Spells              Type           Power        Failure   Level  Hunger
a - Beastly Appendage     Trmt           ######       12%         1    None
b - Sticks to Snakes      Trmt           ######..     12%         2    None
c - Spider Form           Trmt/Pois      ####......   36%         3    ##.....
d - Ice Form              Ice/Trmt       ####....     63%         4    ####...
e - Blade Hands           Trmt           ######....   45%         5    #####..
f - Phase Shift           Tloc           #####.....   63%         5    #####..


Dungeon Overview and Level Annotations

Branches:
Dungeon (15/15)            Temple (1/1) D:6            Lair (8/8) D:11
 Shoals (0/4) Lair:3       Spider (4/4) Lair:4        Slime (0/6) Lair:6
    Orc (4/4) D:10            Elf (0/3) Orc:4        Vaults (0/5) D:14
 Depths (0/5) D:15

Altars:
Ashenzari
Cheibriados
Dithmenos
Elyvilon
Fedhas
Gozag
Kikubaaqudgha
Makhleb
Nemelex Xobeh
Okawaru
Qazlal
Ru
Sif Muna
Trog
Vehumet
Xom
Yredelemnul
Zin
The Shining One
Beogh

Shops:
D:4 %   D:12 [   Orc:1 *   Orc:3 [   Orc:4 *?[}

Annotations:
D:4 exclusion: oklob plant
Lair:5 exclusion: 3 oklob plants
Spider:4 Nikola


Innate Abilities, Weirdness & Mutations

You revert to your normal form in water.
You are very nimble and swift while swimming.
You have an increased reservoir of magic (+10% MP).


Message History

The lightning arc hits you!
* * * LOW HITPOINT WARNING * * *
The lightning arc hits Nikola.
The lightning arc hits you!
* * * LOW HITPOINT WARNING * * *
You hear a hideous shriek!
Unknown command.
Unknown command.
Unknown command.
Read which item? (? for menu, Esc to quit)
Okay, then.
Drink which item? (? for menu, Esc to quit)
Okay, then.
Unknown command.
Read which item? (? for menu, Esc to quit)
As you read the scroll of fog, it crumbles to dust.
The scroll dissolves into smoke.
Nikola casts a spell.
You hear a mighty clap of thunder!
The lightning arc hits you!
You die...

#...# ###
##..# ##..
#...# #....
#...# #...
##^.# #.@.
##<.# #.^#
#...#
#.§§####...#
#§§@#.....#
##§§§§.#.##
#§§§#####
##.## ###


You could see Nikola.

Vanquished Creatures
  Rupert (Lair:4)
  Kirke (Lair:5)
  Wiglaf (Spider:3)
  Maud (Orc:2)
  Louise (Spider:3)
  2 emperor scorpions
  An orc warlord (Orc:3)
  The ghost of Duffy the Black Belt, a journeyman DsMo of Cheibriados (Lair:8)
  A salamander stormcaller (D:14)
  The ghost of 4thArraOfDagon the Basher, a journeyman OgHu of Cheibriados (D:13)
  3 fire dragons (D:14)
  4 vault guards (D:14)
  A great orb of eyes (D:14)
  2 entropy weavers
  A yaktaur captain (D:15)
  Fannar (Lair:2)
  8 hydras
  2 ogre magi (Orc:4)
  Harold (Orc:3)
  The ghost of endege the Pandemonic, a novice DDTm of Makhleb (D:11)
  8 centaur warriors
  An unseen horror (D:8)
  2 deep trolls (Orc:4)
  Pikel (D:6)
  6 griffons
  A hill giant (shapeshifter) (D:14)
  An orc knight (D:15)
  9 hill giants
  A wolf spider (shapeshifter) (D:14)
  A wolf spider zombie (D:14)
  17 wolf spiders
  3 orc sorcerers
  7 orb spiders
  4 cyclopes
  2 black mambas
  6 ugly things
  A torpor snail (Spider:1)
  A siren (Lair:3)
  7 centaur skeletons
  30 spiny frogs
  2 fire drakes
  6 demonic crawlers
  15 komodo dragons
  An efreet (D:14)
  3 kobold demonologists (D:13)
  A yaktaur (D:15)
  14 trolls
  A deep elf priest (D:14)
  A tengu conjurer (D:14)
  A freezing wraith (D:15)
  2 giant leeches (Lair:8)
  9 slime creatures
  A queen bee (D:9)
  The ghost of George the Slasher, an amateur FoFi (D:4)
  11 jumping spiders
  22 blink frogs
  7 two-headed ogres
  21 redbacks
  8 tarantellas
  11 trapdoor spiders
  2 deep elf magi
  A deep elf fighter (D:11)
  48 yaks
  4 basilisks
  A hog (Lair:6)
  11 hippogriffs
  3 hungry ghosts
  Grum (D:7)
  3 wyverns
  8 vampire mosquitoes
  24 wolves
  3 mottled dragons
  2 wargs
  A soldier ant (shapeshifter) (D:14)
  16 water moccasins
  17 porcupines
  4 sky beasts
  A wasp (D:13)
  5 ice beasts
  3 phantoms
  28 orc warriors
  6 eyes of draining
  A necrophage (D:13)
  5 black bears
  18 crocodiles
  22 centaurs
  36 ogres
  34 giant frogs
  5 big kobolds
  A wyvern zombie (D:9)
  A water moccasin skeleton (D:9)
  8 scorpions
  40 killer bees
  14 wights
  12 crimson imps
  5 centaur zombies
  4 electric eels
  2 giant frog zombies
  4 hounds
  27 orc priests
  15 iguanas
  5 jellies
  A gnoll shaman (D:9)
  3 giant frog skeletons
  33 orc wizards
  11 worker ants
  7 sheep (Lair:8)
  A hound skeleton (D:10)
  A hound zombie (D:8)
  13 gnolls
  60 river rats
  8 adders
  3 shadow imps
  4 oozes
  An adder zombie (D:6)
  An adder skeleton (D:4)
  5 worms
  6 giant geckos
  216 orcs
  3 ball pythons
  15 bats
  7 giant cockroaches
  25 goblins
  33 hobgoblins
  17 jackals
  19 kobolds
  6 quokkas
  A ball python skeleton (D:5)
  A giant gecko skeleton (D:4)
  A giant gecko zombie (D:6)
  A giant newt (D:2)
  2 quokka skeletons
  17 rats
1255 creatures vanquished.

Vanquished Creatures (collateral kills)
  Erica (D:9)
  5 orb spiders (Spider:2)
  Maurice (D:8)
  A jumping spider (Spider:2)
  3 redbacks (Spider:2)
  Eustachio (D:5)
  2 yaks (Lair:4)
  An ogre (Orc:4)
  4 orcs
  2 goblins (D:3)
  A kobold (D:2)
  A rat (D:1)
23 creatures vanquished.

Vanquished Creatures (others)
  5 humans (Lair:5)
  A sky beast (D:8)
  A quasit (D:6)
  An orc (Orc:4)
  A jackal (D:6)
  14 fungi
  25 plants
48 creatures vanquished.

Grand Total: 1326 creatures vanquished

Notes
Turn   | Place    | Note
--------------------------------------------------------------
     0 | D:1      | FishmanTm the Merfolk Transmuter began the quest for the Orb.
     0 | D:1      | Reached XP level 1. HP: 15/15 MP: 3/3
   105 | D:1      | Reached XP level 2. HP: 15/21 MP: 3/5
   109 | D:1      | Learned a level 2 spell: Sticks to Snakes
   339 | D:1      | Reached skill level 4 in Unarmed Combat
   733 | D:1      | Reached XP level 3. HP: 18/26 MP: 4/6
   738 | D:1      | Learned a level 3 spell: Spider Form
  1122 | D:2      | Reached skill level 5 in Unarmed Combat
  1444 | D:2      | Reached XP level 4. HP: 32/32 MP: 0/7
  1527 | D:2      | Found a shattered altar of Ashenzari.
  2226 | D:3      | Noticed a sky beast
  2885 | D:3      | Reached XP level 5. HP: 23/37 MP: 3/8
  2920 | D:3      | Reached skill level 5 in Transmutations
  3115 | D:3      | Killed a sky beast
  3115 | D:3      | Reached XP level 6. HP: 35/47 MP: 4/9
  4139 | D:3      | Reached XP level 7. HP: 49/54 MP: 5/10
  4473 | D:3      | Reached skill level 6 in Unarmed Combat
  4611 | D:4      | Found Laitodd's Food Shoppe.
  4611 | D:4      | Noticed a hungry ghost
  4623 | D:4      | Killed a hungry ghost
  4623 | D:4      | Reached skill level 7 in Unarmed Combat
  4719 | D:4      | Bought a beef jerky for 21 gold pieces
  4899 | D:4      | Found a blossoming altar of Fedhas.
  4912 | D:4      | Noticed an oklob plant
  5008 | D:4      | Noticed George's ghost (amateur FoFi)
  5022 | D:4      | Killed George's ghost
  5022 | D:4      | Reached skill level 8 in Unarmed Combat
  5022 | D:4      | Reached XP level 8. HP: 44/60 MP: 8/11
  5217 | D:5      | Entered Level 5 of the Dungeon
  5388 | D:5      | Reached skill level 9 in Unarmed Combat
  5443 | D:5      | Noticed Eustachio
  5715 | D:5      | Killed Eustachio
  5715 | D:5      | Reached skill level 5 in Fighting
  6533 | D:6      | Found a sparkling altar of Nemelex Xobeh.
  6581 | D:6      | Found a staircase to the Ecumenical Temple.
  6593 | Temple   | Entered the Ecumenical Temple
  6731 | D:6      | Noticed Pikel
  6781 | D:6      | Killed Pikel
  6781 | D:6      | Reached XP level 9. HP: 72/72 MP: 9/12
  7029 | D:6      | Found an iron altar of Okawaru.
  7383 | D:7      | Found a snail-covered altar of Cheibriados.
  7413 | D:7      | Found a bloodstained altar of Trog.
  7417 | D:7      | Found a basalt altar of Yredelemnul.
  7419 | D:7      | Found a white marble altar of Elyvilon.
  7421 | D:7      | Became a worshipper of Cheibriados the Contemplative
  7455 | D:7      | Found a shattered altar of Ashenzari.
  7533 | D:7      | Reached XP level 10. HP: 77/83 MP: 4/13
  7629 | D:7      | Reached * piety under Cheibriados
  7736 | D:7      | Found a stormy altar of Qazlal.
  7866 | D:8      | Noticed Grum
  7887 | D:7      | Killed Grum
  8070 | D:8      | Reached skill level 10 in Dodging
  8105 | D:8      | Noticed an unseen horror
  8122 | D:8      | Killed an unseen horror
  8122 | D:8      | Reached skill level 11 in Dodging
  8354 | D:8      | Reached ** piety under Cheibriados
  8613 | D:8      | Reached skill level 12 in Dodging
  8647 | D:8      | Learned a level 4 spell: Ice Form
  8705 | D:8      | Noticed Maurice
  8728 | D:8      | Killed Maurice
  9095 | D:8      | Reached skill level 1 in Invocations
  9095 | D:8      | Reached skill level 1 in Evocations
  9411 | D:8      | Reached *** piety under Cheibriados
 10203 | D:9      | Reached XP level 11. HP: 64/89 MP: 11/16
 10358 | D:9      | Learned a level 5 spell: Blade Hands
 10407 | D:9      | Got a pair of smoking boots
 10418 | D:9      | Identified the +0 pair of boots of Absence {MR+ Int+4 Dex+5 Slay-4} (You found it on level 9 of the Dungeon)
 10554 | D:9      | Noticed Erica
 10567 | D:9      | Killed Erica
 10647 | D:9      | Reached **** piety under Cheibriados
 11378 | D:9      | Reached ***** piety under Cheibriados
 11562 | D:10     | Entered Level 10 of the Dungeon
 11634 | D:10     | Found a staircase to the Orcish Mines.
 11713 | D:10     | Reached skill level 10 in Unarmed Combat
 12046 | D:11     | Reached skill level 5 in Invocations
 12522 | D:11     | Noticed endege's ghost (novice DDTm)
 12537 | D:11     | Killed endege's ghost
 12538 | D:11     | Noticed a hill giant
 12544 | D:11     | Killed a hill giant
 12660 | D:11     | Reached ****** piety under Cheibriados
 12808 | D:11     | Found a staircase to the Lair.
 12985 | Orc:1    | Entered Level 1 of the Orcish Mines
 13063 | Orc:2    | Reached XP level 12. HP: 73/96 MP: 11/17
 13825 | Orc:3    | Reached skill level 10 in Fighting
 13885 | Orc:3    | Noticed Maud
 13890 | Orc:3    | Noticed an orc warlord
 14330 | Orc:2    | Reached skill level 1 in Stealth
 14431 | Orc:3    | Found Uquatz's Antique Armour Shoppe.
 14444 | Orc:3    | Bought a translucent ring mail for 279 gold pieces
 14454 | Orc:3    | Identified the +4 ring mail of Intercession {rF+ Dex+3} (You bought it in a shop on level 3 of the Orcish Mines)
 14494 | Orc:3    | Noticed Harold
 14504 | Orc:3    | Killed Harold
 14504 | Orc:3    | Paralysed by an orc sorcerer for 5 turns
 14512 | Orc:3    | Reached skill level 1 in Armour
 15392 | Orc:1    | Found Ehoader's General Store.
 15400 | Orc:1    | Bought a scroll of teleportation for 48 gold pieces
 15606 | Orc:2    | Killed Maud
 15688 | Orc:3    | Killed an orc warlord
 15817 | Orc:3    | Found a roughly hewn altar of Beogh.
 15936 | Orc:4    | Entered Level 4 of the Orcish Mines
 16013 | Lair:1   | Entered Level 1 of the Lair of Beasts
 16587 | Lair:1   | Reached skill level 13 in Fighting
 16820 | Lair:1   | Reached XP level 13. HP: 111/111 MP: 18/18
 16933 | Lair:2   | Noticed Fannar
 16948 | Lair:2   | Killed Fannar
 17187 | Lair:2   | Reached skill level 14 in Fighting
 18471 | Lair:3   | Found a staircase to the Shoals.
 18831 | Lair:4   | Reached skill level 15 in Fighting
 19046 | Lair:4   | Noticed Rupert
 19072 | Lair:4   | Killed Rupert
 19337 | Lair:4   | Found a hole to the Spider Nest.
 20293 | Lair:5   | Noticed Kirke
 20358 | Lair:6   | Reached XP level 14. HP: 99/123 MP: 15/19
 20499 | Lair:5   | Killed Kirke
 21487 | Lair:6   | Got a warped scale mail
 21499 | Lair:6   | Identified the +4 scale mail of Watchfulness {rPois Str+4} (You found it on level 6 of the Lair of Beasts)
 21620 | Lair:6   | Found a staircase to the Slime Pits.
 21953 | Lair:7   | Reached skill level 15 in Unarmed Combat
 22787 | Lair:8   | Entered Level 8 of the Lair of Beasts
 23104 | Lair:8   | Reached skill level 15 in Dodging
 23368 | Lair:8   | Noticed Duffy's ghost (journeyman DsMo)
 23480 | Lair:8   | Killed Duffy's ghost
 23480 | Lair:8   | Reached XP level 15. HP: 73/129 MP: 12/20
 23857 | Lair:8   | Reached skill level 16 in Unarmed Combat
 24379 | D:10     | Gained mutation: You have an increased reservoir of magic (+10% MP). [potion of beneficial mutation]
 24474 | Orc:4    | Found a staircase to the Elven Halls.
 24477 | Orc:4    | Paralysed by an ogre mage for 3 turns
 24520 | Orc:4    | Reached skill level 17 in Unarmed Combat
 24545 | Orc:4    | Found Argholue's Magic Scroll Shoppe.
 24666 | Orc:4    | Found Opir's Gadget Boutique.
 24672 | Orc:4    | Bought a scroll of teleportation for 36 gold pieces
 24674 | Orc:4    | Found Ybrutzus's General Store.
 24675 | Orc:4    | Found Ficituel's Armour Emporium.
 24685 | Orc:4    | Bought a wand of teleportation (2) for 306 gold pieces
 24685 | Orc:4    | Bought a scroll of teleportation for 51 gold pieces
 25510 | D:12     | Found Raogenk's Armour Emporium.
 25529 | D:12     | Bought the +0 pair of gloves "Joxugeav" {rF+ rC+ MR++} for 508 gold pieces
 25887 | D:12     | Reached skill level 5 in Stealth
 25949 | D:12     | Found a snail-covered altar of Cheibriados.
 26372 | D:13     | Noticed 4thArraOfDagon's ghost (journeyman OgHu)
 26377 | D:13     | Killed 4thArraOfDagon's ghost
 27407 | D:14     | Found a gate to the Vaults.
 27420 | D:14     | Reached XP level 16. HP: 119/136 MP: 18/23
 27481 | D:14     | Reached skill level 10 in Stealth
 28399 | D:14     | Paralysed by a great orb of eyes for 2 turns
 28402 | D:14     | Paralysed by a great orb of eyes for 3 turns
 28496 | D:15     | Entered Level 15 of the Dungeon
 28883 | D:15     | Found a staircase to the Depths.
 28987 | D:15     | Found a blossoming altar of Fedhas.
 29117 | D:15     | Learned a level 5 spell: Phase Shift
 29160 | D:15     | Reached skill level 1 in Translocations
 29473 | Spider:1 | Entered Level 1 of the Spider Nest
 30602 | Spider:2 | Reached XP level 17. HP: 135/142 MP: 14/24
 30604 | Spider:2 | Reached skill level 5 in Translocations
 30739 | Spider:2 | Identified a scroll of acquirement
 31390 | Spider:3 | Noticed Louise
 31399 | Spider:3 | Killed Louise
 31956 | Spider:3 | Noticed Wiglaf
 31967 | Spider:3 | Killed Wiglaf
 32546 | Spider:4 | Entered Level 4 of the Spider Nest
 32549 | Spider:4 | Reached skill level 10 in Invocations
 32572 | Spider:4 | Noticed Nikola
 32575 | Spider:4 | HP: 6/142 [Nikola/chain lightning (22)]
 32576 | Spider:4 | Killed from afar by Nikola

Vault maps used:
D:1:      saegor_arrival_miasma
D:2:      ashenzari_altar_1
D:3:      minmay_goblin_kobold_castle
D:4:      serial_shops, nicolae_shop_scaring_up_business, first_bread,
          roderic_whirl, nrook_uturn, grunt_ministairs_9, tgw_fedhas
D:5:      hangedman_decor_riveting, kennysheep_crisscross, uniq_eustachio
D:6:      old_standard_altar, minmay_temple_entry_grid,
          okawaru_metal_pillars_1_2, uniq_pikel
D:7:      lemuel_doored_altar, trog_ov_bears_minmay, minitemple
D:8:      uniq_maurice, uniq_grum
D:9:      kennysheep_windowed_halls, david_nohive_1, uniq_erica
D:10:     orc_0_dummy
D:11:     grunt_lair_entry_elf_guard_hut
D:12:     serial_shops, nicolae_shop_crystal, cheibriados_altar_1
D:13:     hangedman_arrow_trap, glass_columns_a, minmay_splitting_lines,
          glass_columns_b
D:14:     minmay_two_paths, lightli_vaults_fourway_checkpoint,
          minmay_misc_feat_five
D:15:     grunt_enter_depths_snipers, basic_altar
Temple:   circular_temple_12
Lair:1:   serial_bayou_crossing
Lair:2:   infiniplex_staircase_pool, serial_bayou_shore_b, uniq_fannar
Lair:3:   minmay_shoals_entry_lonely_mermaid
Lair:4:   nicolae_spider_entry_non_spiders, uniq_rupert
Lair:5:   disabler_island, uniq_kirke
Lair:6:   minmay_slime_entry_pillars, zaba_anthole, patterned_corridor,
          serial_bayou_shore_a, serial_bayou_shore_b
Lair:8:   minmay_lair_end_frog_pond
Spider:3: uniq_wiglaf, uniq_louise
Spider:4: johnstein_spider_rune_arachne_lair, uniq_nikola, uniq_roxanne
Orc:1:    serial_shops, shop_statue
Orc:2:    nicolae_orc_rockfall
Orc:3:    basic_altar, serial_shops, shop, nicolae_orc_pool_cavern, uniq_harold,
          uniq_maud
Orc:4:    st_orc_open

Action                   |  1- 3 |  4- 6 |  7- 9 | 10-12 | 13-15 | 16-18 || total
-------------------------+-------+-------+-------+-------+-------+-------++-------
Melee: Unarmed           |    91 |   171 |   292 |   821 |   989 |   415 ||  2779
 Cast: Beastly Appendage |    17 |     6 |     2 |       |       |       ||    25
       Sticks to Snakes  |     4 |     3 |     4 |    11 |     7 |    15 ||    44
       Spider Form       |     2 |    23 |    39 |    43 |       |       ||   107
       Blade Hands       |       |       |       |    40 |    64 |    49 ||   153
       Ice Form          |       |       |       |     5 |    32 |       ||    37
Invok: Bend Time         |       |       |       |     3 |     4 |       ||     7
       Temporal Distorti |       |       |       |     5 |     4 |    11 ||    20
       Slouch            |       |       |       |     1 |     1 |     2 ||     4
 Abil: End Transformatio |       |     1 |     1 |     8 |    12 |     1 ||    23
Evoke: Wand              |       |       |       |       |       |     4 ||     4
  Use: Scroll            |       |     2 |     7 |     9 |    16 |     5 ||    39
       Potion            |       |       |     1 |     1 |     4 |       ||     6
 Stab: Sleeping          |     1 |     3 |     4 |    13 |    34 |    11 ||    66
       Distracted        |       |     1 |       |     3 |     7 |     5 ||    16
       Invisible         |       |       |       |       |     4 |       ||     4
  Eat: Chunk             |     1 |    14 |    16 |    35 |    50 |    16 ||   132
       Beef jerky        |       |       |     2 |     1 |       |     2 ||     5
       Meat ration       |       |       |       |       |       |     1 ||     1
       Bread ration      |       |       |       |       |       |     1 ||     1
